[ AOE2 MATCH · #480241340 ]
UnrankedAztecs vs Aztecs
[ REPLAY ANALYSIS · EXTRACTED FROM THE RECORDED GAME ]
Feudal
—
Castle
—
Imperial
—
| APM avg | 32.5 |
| APM peak | 61 |
| eAPM avg | 20.7 |
| Villagers / military | 93 / 190 |
Focus
⚔️ 52.3% · 🌾 47.7%
Jaguar Warrior ×105 · Spearman ×78 · Battering Ram ×4 · Mangonel ×3
Feudal
—
Castle
—
Imperial
—
| APM avg | 39.2 |
| APM peak | 86 |
| eAPM avg | 23.0 |
| Villagers / military | 84 / 45 |
Focus
⚔️ 11.4% · 🌾 88.6%
Jaguar Warrior ×34 · Monk ×9 · Mangonel ×2
Feudal
10:34
Castle
14:06
Imperial
32:52
| APM avg | 44.1 |
| APM peak | 104 |
| eAPM avg | 26.3 |
| Villagers / military | 130 / 215 |
Focus
⚔️ 33.6% · 🌾 66.4%
Leitis ×105 · Knight ×38 · Militia ×32 · Scout Cavalry ×29 · Monk ×4 · Battering Ram ×4
Feudal
11:47
Castle
15:28
Imperial
29:04
| APM avg | 32.8 |
| APM peak | 72 |
| eAPM avg | 20.9 |
| Villagers / military | 370 / 107 |
Focus
⚔️ 20.5% · 🌾 79.5%
Knight ×71 · Scorpion ×27 · Mangonel ×4 · Bombard Cannon ×4 · Scout Cavalry ×1
Feudal
13:31
Castle
17:39
Imperial
23:05
| APM avg | 38.5 |
| APM peak | 90 |
| eAPM avg | 15.9 |
| Villagers / military | 101 / 125 |
Focus
⚔️ 39.2% · 🌾 60.8%
Spearman ×105 · Bombard Cannon ×14 · Monk ×4 · Battering Ram ×2
Feudal
11:10
Castle
15:11
Imperial
29:34
| APM avg | 29.7 |
| APM peak | 104 |
| eAPM avg | 24.0 |
| Villagers / military | 184 / 406 |
Focus
⚔️ 52.0% · 🌾 48.0%
Spearman ×267 · Throwing Axeman ×91 · Battering Ram ×43 · Trebuchet (Packed) ×3 · Militia ×1 · Mangonel ×1
Feudal
12:08
Castle
15:38
Imperial
30:54
| APM avg | 38.2 |
| APM peak | 64 |
| eAPM avg | 25.8 |
| Villagers / military | 192 / 329 |
Focus
⚔️ 29.7% · 🌾 70.3%
Spearman ×155 · Huskarl ×92 · Militia ×70 · Battering Ram ×6 · Monk ×3 · Petard ×3
Feudal
10:27
Castle
13:40
Imperial
36:44
| APM avg | 46.0 |
| APM peak | 109 |
| eAPM avg | 24.1 |
| Villagers / military | 114 / 80 |
Focus
⚔️ 22.6% · 🌾 77.4%
Cavalry Archer ×45 · Knight ×22 · Scout Cavalry ×8 · Scorpion ×3 · Battering Ram ×2
Match map
Initial resources + every placement click. Lines = walls · curves = elevation contours. ◆ gold · ⬟ stone · ● berries · ✦ relic · ◌ wall gap
Your base· ✓ Closed at 15:14 · 0t walls · 3 gate(s)
proconquer's base· ✓ Closed at 14:24 · 0t walls · 2 gate(s)
math-hbcn's base· ✓ Closed at 14:06 · 0t walls · 2 gate(s)
NTM.Spectrum.co's base· ✓ Closed at 15:28 · 0t walls · 3 gate(s)
aj2352's base· ✓ Closed at 17:39 · 0t walls · 2 gate(s)
DLChuli7's base· ✓ Closed at 15:11 · 0t walls · 3 gate(s)
lethe711's base· ✓ Closed at 15:38 · 0t walls · 3 gate(s)
ArianaVro's base· ✓ Closed at 13:40 · 0t walls · 2 gate(s)
Smoothed initial terrain · ◌ = detected wall gap · hover for details
Inputs per minute
— ACI Granmini - - proconquer
Build order — ACI Granmini
First 150 of 315 actions detected
| 0:03 | Create | Villager (Male) |
| 0:03 | Create | Villager (Male) |
| 0:03 | Create | Villager (Male) |
| 0:03 | Create | Villager (Male) |
| 0:05 | Build | House |
| 0:07 | Build | House |
| 0:17 | Build | House |
| 0:43 | Build | Lumber Camp |
| 1:21 | Create | Villager (Male) |
| 2:05 | Create | Villager (Male) |
| 2:25 | Create | Villager (Male) |
| 2:43 | Create | Villager (Male) |
| 3:08 | Create | Villager (Male) |
| 3:21 | Create | Villager (Male) |
| 3:49 | Create | Villager (Male) |
| 3:50 | Create | Villager (Male) |
| 4:01 | Build | House |
| 4:08 | Create | Villager (Male) |
| 4:09 | Create | Villager (Male) |
| 4:41 | Build | Mill |
| 4:46 | Create | Villager (Male) |
| 4:46 | Create | Villager (Male) |
| 6:11 | Create | Villager (Male) |
| 6:49 | Research | Feudal Age |
| 6:55 | Build | House |
| 6:56 | Build | House |
| 6:57 | Build | House |
| 7:15 | Build | Mining Camp |
| 7:46 | Create | Villager (Male) |
| 7:46 | Create | Villager (Male) |
| 7:48 | Create | Villager (Male) |
| 9:05 | Research | Double-Bit Axe |
| 9:11 | Build | Blacksmith |
| 9:26 | Create | Villager (Male) |
| 10:18 | Build | Market |
| 10:22 | Create | Villager (Male) |
| 10:23 | Create | Villager (Male) |
| 10:49 | Research | Wheelbarrow |
| 11:10 | Build | Farm |
| 11:28 | Build | Farm |
| 11:32 | Create | Villager (Male) |
| 11:32 | Create | Villager (Male) |
| 11:32 | Create | Villager (Male) |
| 11:36 | Build | Farm |
| 12:10 | Build | Farm |
| 12:37 | Research | Horse Collar |
| 13:23 | Create | Villager (Male) |
| 13:26 | Build | Farm |
| 13:26 | Build | Farm |
| 13:26 | Build | Farm |
| 13:55 | Build | Farm |
| 13:57 | Create | Villager (Male) |
| 14:48 | Create | Villager (Male) |
| 14:54 | Build | Farm |
| 14:55 | Build | Farm |
| 14:58 | Build | Farm |
| 15:14 | Research | Castle Age |
| 15:24 | Build | Mining Camp |
| 16:04 | Research | Forging |
| 16:58 | Research | Scale Mail Armor |
| 17:58 | Create | Villager (Male) |
| 17:58 | Create | Villager (Male) |
| 17:58 | Create | Villager (Male) |
| 18:12 | Build | Siege Workshop |
| 18:33 | Build | Castle |
| 18:41 | Create | Villager (Male) |
| 18:57 | Create | Battering Ram |
| 18:58 | Create | Battering Ram |
| 18:58 | Create | Battering Ram |
| 18:58 | Create | Battering Ram |
| 19:12 | Create | Villager (Male) |
| 19:37 | Build | Farm |
| 19:37 | Build | Farm |
| 19:41 | Create | Jaguar Warrior ×5 |
| 19:41 | Create | Jaguar Warrior ×5 |
| 19:57 | Create | Villager (Male) |
| 20:06 | Build | Farm |
| 20:17 | Create | Jaguar Warrior |
| 20:22 | Create | Villager (Male) |
| 20:30 | Build | Farm |
| 20:35 | Create | Villager (Male) |
| 20:36 | Create | Villager (Male) |
| 20:55 | Create | Jaguar Warrior |
| 20:56 | Create | Jaguar Warrior |
| 20:59 | Create | Jaguar Warrior |
| 21:06 | Build | Lumber Camp |
| 21:19 | Create | Jaguar Warrior |
| 21:21 | Create | Villager (Male) |
| 21:37 | Create | Villager (Male) |
| 22:04 | Build | House |
| 22:29 | Create | Jaguar Warrior |
| 22:29 | Create | Jaguar Warrior |
| 22:29 | Create | Jaguar Warrior |
| 23:03 | Create | Mangonel |
| 23:08 | Create | Jaguar Warrior |
| 23:08 | Create | Jaguar Warrior |
| 23:08 | Create | Jaguar Warrior |
| 23:08 | Create | Jaguar Warrior |
| 23:10 | Build | Farm |
| 23:15 | Create | Villager (Male) |
| 23:17 | Create | Villager (Male) |
| 23:28 | Build | House |
| 23:32 | Build | House |
| 23:33 | Build | House |
| 24:16 | Create | Jaguar Warrior ×5 |
| 24:17 | Create | Jaguar Warrior ×5 |
| 25:10 | Build | House |
| 25:25 | Create | Villager (Male) |
| 25:26 | Create | Villager (Male) |
| 25:26 | Create | Villager (Male) |
| 25:32 | Build | Town Center |
| 25:36 | Create | Jaguar Warrior ×3 |
| 25:51 | Build | Gate |
| 26:02 | Create | Villager (Male) |
| 26:02 | Create | Villager (Male) |
| 26:05 | Build | Farm |
| 26:05 | Build | Farm |
| 26:06 | Build | Farm |
| 26:06 | Build | Farm |
| 26:06 | Build | Farm |
| 26:16 | Build | Town Center |
| 27:46 | Create | Villager (Male) |
| 27:46 | Create | Villager (Male) |
| 27:47 | Research | Hand Cart |
| 27:47 | Research | Town Watch |
| 27:59 | Create | Villager (Male) |
| 27:59 | Create | Villager (Male) |
| 28:00 | Create | Villager (Male) |
| 28:00 | Create | Villager (Male) |
| 28:02 | Build | Farm |
| 28:02 | Build | Farm |
| 28:03 | Build | Farm |
| 28:03 | Build | Farm |
| 28:03 | Build | Farm |
| 28:32 | Create | Villager (Male) |
| 28:32 | Create | Villager (Male) |
| 28:33 | Create | Villager (Male) |
| 28:33 | Create | Villager (Male) |
| 28:48 | Create | Villager (Male) |
| 28:48 | Create | Villager (Male) |
| 28:55 | Build | Farm |
| 28:55 | Build | Farm |
| 28:56 | Build | Farm |
| 28:56 | Build | Farm |
| 28:56 | Build | Farm |
| 29:20 | Build | Stone Wall |
| 30:01 | Create | Villager (Male) |
| 30:01 | Create | Villager (Male) |
| 30:03 | Build | Farm |
| 30:03 | Build | Farm |
Build order — proconquer
First 150 of 250 actions detected
| 0:05 | Build | House |
| 0:07 | Build | House |
| 0:18 | Create | Villager (Male) |
| 0:19 | Create | Villager (Male) |
| 0:20 | Create | Villager (Male) |
| 0:24 | Create | Villager (Male) |
| 1:57 | Create | Villager (Male) |
| 2:20 | Create | Villager (Male) |
| 2:49 | Create | Villager (Male) |
| 3:18 | Create | Villager (Male) |
| 3:18 | Create | Villager (Male) |
| 3:27 | Build | House |
| 3:45 | Create | Villager (Male) |
| 4:06 | Create | Villager (Male) |
| 4:16 | Build | Mill |
| 4:28 | Create | Villager (Male) |
| 4:34 | Create | Villager (Male) |
| 5:01 | Build | House |
| 5:15 | Create | Villager (Male) |
| 5:32 | Create | Villager (Male) |
| 5:39 | Create | Villager (Male) |
| 6:14 | Create | Villager (Male) |
| 6:20 | Create | Villager (Male) |
| 6:51 | Build | Lumber Camp |
| 6:59 | Create | Villager (Male) |
| 7:21 | Create | Villager (Male) |
| 7:25 | Build | House |
| 8:05 | Build | House |
| 8:27 | Research | Loom |
| 8:46 | Research | Feudal Age |
| 8:59 | Build | Mining Camp |
| 9:41 | Build | Farm |
| 9:48 | Build | Farm |
| 10:07 | Build | Farm |
| 10:18 | Build | Farm |
| 10:34 | Build | Farm |
| 11:05 | Build | Farm |
| 11:30 | Build | Market |
| 11:33 | Create | Villager (Male) |
| 11:41 | Create | Villager (Male) |
| 11:58 | Build | Mining Camp |
| 12:01 | Create | Villager (Male) |
| 12:53 | Create | Villager (Male) |
| 13:08 | Build | House |
| 13:27 | Build | Blacksmith |
| 13:30 | Create | Villager (Male) |
| 13:30 | Create | Villager (Male) |
| 14:05 | Build | Farm |
| 14:19 | Build | Farm |
| 14:24 | Research | Castle Age |
| 14:30 | Build | Farm |
| 14:35 | Build | House |
| 14:59 | Research | Double-Bit Axe |
| 15:27 | Research | Horse Collar |
| 15:32 | Build | Farm |
| 15:40 | Build | House |
| 17:06 | Create | Villager (Male) |
| 17:24 | Create | Villager (Male) |
| 17:31 | Research | Fletching |
| 17:32 | Create | Villager (Male) |
| 17:32 | Create | Villager (Male) |
| 17:54 | Research | Bow Saw |
| 18:05 | Build | Castle |
| 18:24 | Build | Town Center |
| 18:29 | Build | House |
| 18:43 | Create | Villager (Male) |
| 18:43 | Create | Villager (Male) |
| 18:56 | Build | Siege Workshop |
| 19:05 | Build | Farm |
| 19:06 | Build | Farm |
| 19:06 | Build | Farm |
| 19:06 | Build | Farm |
| 19:06 | Build | Farm |
| 19:38 | Create | Jaguar Warrior |
| 19:44 | Create | Jaguar Warrior |
| 20:02 | Create | Mangonel |
| 20:03 | Create | Jaguar Warrior |
| 20:03 | Create | Jaguar Warrior |
| 20:14 | Create | Jaguar Warrior |
| 20:30 | Build | Farm |
| 20:30 | Build | Farm |
| 20:55 | Create | Jaguar Warrior |
| 21:12 | Build | Monastery |
| 21:14 | Create | Jaguar Warrior |
| 21:29 | Create | Jaguar Warrior |
| 21:39 | Create | Monk |
| 22:17 | Create | Jaguar Warrior |
| 22:18 | Create | Jaguar Warrior |
| 22:56 | Create | Villager (Male) |
| 22:56 | Create | Villager (Male) |
| 23:03 | Create | Villager (Male) |
| 24:16 | Create | Mangonel |
| 24:22 | Build | Castle |
| 24:23 | Create | Jaguar Warrior |
| 25:32 | Build | Siege Workshop |
| 25:38 | Research | Wheelbarrow |
| 25:45 | Build | Stone Wall |
| 25:50 | Build | House |
| 25:51 | Build | House |
| 25:52 | Build | House |
| 26:07 | Build | Gate |
| 26:27 | Build | House |
| 26:28 | Build | House |
| 26:42 | Build | Stone Wall |
| 26:54 | Build | Gate |
| 26:59 | Build | House |
| 27:06 | Build | House |
| 27:12 | Build | House |
| 27:31 | Build | Farm |
| 28:09 | Build | Castle |
| 28:55 | Build | Town Center |
| 30:23 | Build | Farm |
| 30:51 | Build | House |
| 31:19 | Build | Farm |
| 31:24 | Build | Farm |
| 31:26 | Create | Villager (Male) |
| 31:26 | Create | Villager (Male) |
| 31:51 | Build | Farm |
| 31:58 | Build | Lumber Camp |
| 32:03 | Build | Farm |
| 32:03 | Build | Farm |
| 32:04 | Build | Farm |
| 32:43 | Build | Market |
| 32:52 | Build | Mill |
| 33:18 | Build | Gate |
| 33:32 | Create | Villager (Male) |
| 34:25 | Build | Town Center |
| 34:33 | Create | Jaguar Warrior |
| 34:34 | Create | Jaguar Warrior |
| 34:38 | Build | Farm |
| 34:38 | Build | Farm |
| 34:40 | Build | Farm |
| 35:01 | Build | Farm |
| 35:02 | Build | Farm |
| 35:02 | Build | Farm |
| 35:04 | Create | Villager (Male) |
| 35:53 | Build | Farm |
| 35:54 | Build | Farm |
| 35:54 | Build | Farm |
| 36:06 | Create | Villager (Male) |
| 36:06 | Create | Villager (Male) |
| 36:34 | Create | Villager (Male) |
| 36:34 | Create | Villager (Male) |
| 37:01 | Build | Monastery |
| 37:04 | Create | Villager (Male) |
| 37:04 | Create | Villager (Male) |
| 37:14 | Build | Farm |
| 37:39 | Create | Villager (Male) |
| 37:40 | Create | Villager (Male) |
| 37:40 | Create | Villager (Male) |
Build order — math-hbcn
First 150 of 541 actions detected
| 0:01 | Create | Villager (Male) |
| 0:02 | Create | Villager (Male) |
| 0:03 | Build | House |
| 0:04 | Build | House |
| 0:20 | Create | Villager (Male) |
| 0:21 | Create | Villager (Male) |
| 0:21 | Create | Villager (Male) |
| 0:21 | Create | Villager (Male) |
| 1:36 | Create | Villager (Male) |
| 1:37 | Create | Villager (Male) |
| 1:57 | Build | Lumber Camp |
| 2:08 | Create | Villager (Male) |
| 2:17 | Create | Villager (Male) |
| 2:40 | Create | Villager (Male) |
| 2:40 | Create | Villager (Male) |
| 3:18 | Create | Villager (Male) |
| 3:18 | Create | Villager (Male) |
| 3:18 | Create | Villager (Male) |
| 3:33 | Build | House |
| 4:01 | Build | House |
| 4:18 | Create | Villager (Male) |
| 4:18 | Create | Villager (Male) |
| 4:19 | Create | Villager (Male) |
| 4:48 | Create | Villager (Male) |
| 5:09 | Build | Mill |
| 5:12 | Create | Villager (Male) |
| 6:03 | Create | Villager (Male) |
| 6:21 | Create | Villager (Male) |
| 6:30 | Build | Farm |
| 6:34 | Build | Farm |
| 6:58 | Build | Mining Camp |
| 7:01 | Create | Villager (Male) |
| 7:04 | Build | Farm |
| 7:40 | Create | Villager (Male) |
| 8:02 | Research | Feudal Age |
| 9:04 | Build | House |
| 10:16 | Create | Villager (Male) |
| 10:17 | Create | Villager (Male) |
| 10:34 | Age | Feudal Age |
| 10:36 | Build | Market |
| 10:42 | Build | Blacksmith |
| 11:26 | Research | Castle Age |
| 11:30 | Build | House |
| 12:16 | Build | Barracks |
| 12:24 | Build | House |
| 13:14 | Build | Stable |
| 13:59 | Build | Farm |
| 14:00 | Create | Villager (Male) |
| 14:01 | Create | Villager (Male) |
| 14:06 | Age | Castle Age |
| 14:13 | Build | Monastery |
| 14:20 | Create | Scout Cavalry |
| 14:22 | Create | Scout Cavalry |
| 14:34 | Research | Double-Bit Axe |
| 14:38 | Build | Farm |
| 14:44 | Build | Farm |
| 14:48 | Create | Villager (Male) |
| 14:59 | Create | Monk |
| 15:20 | Create | Monk |
| 15:21 | Create | Villager (Male) |
| 15:24 | Create | Villager (Male) |
| 15:28 | Build | Farm |
| 15:29 | Build | Farm |
| 15:37 | Build | Farm |
| 15:41 | Build | Farm |
| 15:54 | Build | Farm |
| 16:00 | Build | Farm |
| 16:02 | Build | Farm |
| 16:15 | Create | Villager (Male) |
| 16:29 | Create | Scout Cavalry |
| 16:33 | Create | Villager (Male) |
| 16:50 | Build | Farm |
| 16:54 | Create | Villager (Male) |
| 17:00 | Build | Town Center |
| 17:03 | Create | Villager (Male) |
| 17:27 | Create | Villager (Male) |
| 17:31 | Build | House |
| 17:32 | Build | House |
| 17:49 | Create | Villager (Male) |
| 18:01 | Research | Loom |
| 18:16 | Research | Horse Collar |
| 18:21 | Build | House |
| 18:29 | Create | Villager (Male) |
| 18:30 | Create | Villager (Male) |
| 18:35 | Build | Farm |
| 18:48 | Create | Scout Cavalry |
| 18:50 | Create | Scout Cavalry |
| 19:01 | Create | Villager (Male) |
| 19:03 | Create | Villager (Male) |
| 19:07 | Build | Farm |
| 19:11 | Build | Farm |
| 19:12 | Build | Farm |
| 19:15 | Create | Villager (Male) |
| 19:29 | Create | Monk |
| 19:59 | Create | Villager (Male) |
| 20:00 | Create | Villager (Male) |
| 20:03 | Build | House |
| 20:17 | Create | Villager (Male) |
| 20:31 | Build | Town Center |
| 20:33 | Create | Villager (Male) |
| 20:34 | Create | Villager (Male) |
| 20:39 | Build | House |
| 20:45 | Create | Knight |
| 20:56 | Create | Monk |
| 21:01 | Create | Villager (Male) |
| 21:04 | Research | Wheelbarrow |
| 21:08 | Create | Villager (Male) |
| 21:12 | Research | Heavy Plow |
| 21:15 | Build | House |
| 21:30 | Build | Farm |
| 21:31 | Build | Farm |
| 21:43 | Create | Villager (Male) |
| 21:46 | Build | Farm |
| 21:47 | Build | Farm |
| 21:51 | Create | Villager (Male) |
| 21:55 | Create | Villager (Male) |
| 22:06 | Build | House |
| 22:07 | Build | House |
| 22:09 | Create | Villager (Male) |
| 22:15 | Build | Farm |
| 22:17 | Build | Farm |
| 22:19 | Create | Villager (Male) |
| 22:21 | Research | Scale Barding Armor |
| 22:23 | Create | Villager (Male) |
| 22:23 | Create | Villager (Male) |
| 22:27 | Create | Villager (Male) |
| 22:30 | Research | Stone Mining |
| 22:56 | Create | Villager (Male) |
| 22:58 | Create | Villager (Male) |
| 23:06 | Build | Farm |
| 23:07 | Build | Farm |
| 23:11 | Create | Villager (Male) |
| 23:20 | Build | Town Center |
| 23:22 | Build | House |
| 23:23 | Build | House |
| 23:33 | Create | Villager (Male) |
| 23:35 | Create | Villager (Male) |
| 23:41 | Build | Farm |
| 23:42 | Create | Villager (Male) |
| 23:43 | Create | Villager (Male) |
| 23:47 | Research | Stone Shaft Mining |
| 24:04 | Build | Farm |
| 24:05 | Create | Villager (Male) |
| 24:07 | Create | Villager (Male) |
| 24:08 | Create | Villager (Male) |
| 24:11 | Build | Farm |
| 24:13 | Build | Farm |
| 24:14 | Build | Farm |
| 24:15 | Create | Villager (Male) |
| 24:26 | Build | House |
Build order — NTM.Spectrum.co
First 150 of 673 actions detected
| 0:01 | Create | Villager (Male) |
| 0:01 | Create | Villager (Male) |
| 0:01 | Create | Villager (Male) |
| 0:01 | Create | Villager (Male) |
| 0:01 | Create | Villager (Male) |
| 0:01 | Create | Villager (Male) |
| 0:01 | Create | Villager (Male) |
| 0:03 | Build | House |
| 0:06 | Build | House |
| 1:32 | Create | Villager (Male) |
| 1:32 | Create | Villager (Male) |
| 1:32 | Create | Villager (Male) |
| 1:32 | Create | Villager (Male) |
| 1:45 | Build | Lumber Camp |
| 1:53 | Create | Villager (Male) |
| 2:22 | Create | Villager (Male) |
| 2:22 | Create | Villager (Male) |
| 2:22 | Create | Villager (Male) |
| 2:22 | Create | Villager (Male) |
| 2:22 | Create | Villager (Male) |
| 2:22 | Create | Villager (Male) |
| 2:53 | Create | Villager (Male) |
| 2:53 | Create | Villager (Male) |
| 3:08 | Create | Villager (Male) |
| 3:08 | Create | Villager (Male) |
| 3:08 | Create | Villager (Male) |
| 3:08 | Create | Villager (Male) |
| 3:08 | Create | Villager (Male) |
| 3:08 | Create | Villager (Male) |
| 3:08 | Create | Villager (Male) |
| 3:08 | Create | Villager (Male) |
| 3:28 | Build | House |
| 3:42 | Create | Villager (Male) |
| 3:42 | Create | Villager (Male) |
| 3:42 | Create | Villager (Male) |
| 3:42 | Create | Villager (Male) |
| 3:59 | Build | House |
| 4:00 | Build | House |
| 4:04 | Create | Villager (Male) |
| 4:04 | Create | Villager (Male) |
| 4:04 | Create | Villager (Male) |
| 4:04 | Create | Villager (Male) |
| 4:28 | Create | Villager (Male) |
| 4:28 | Create | Villager (Male) |
| 4:28 | Create | Villager (Male) |
| 4:28 | Create | Villager (Male) |
| 4:28 | Create | Villager (Male) |
| 4:43 | Create | Villager (Male) |
| 4:44 | Create | Villager (Male) |
| 4:44 | Create | Villager (Male) |
| 4:44 | Create | Villager (Male) |
| 4:44 | Create | Villager (Male) |
| 5:02 | Build | Mill |
| 5:06 | Build | House |
| 5:17 | Create | Villager (Male) |
| 5:17 | Create | Villager (Male) |
| 5:17 | Create | Villager (Male) |
| 5:17 | Create | Villager (Male) |
| 5:17 | Create | Villager (Male) |
| 6:03 | Create | Villager (Male) |
| 6:03 | Create | Villager (Male) |
| 6:03 | Create | Villager (Male) |
| 6:03 | Create | Villager (Male) |
| 6:03 | Create | Villager (Male) |
| 6:03 | Create | Villager (Male) |
| 6:03 | Create | Villager (Male) |
| 6:10 | Create | Villager (Male) |
| 6:10 | Create | Villager (Male) |
| 6:11 | Create | Villager (Male) |
| 6:24 | Create | Villager (Male) |
| 6:24 | Create | Villager (Male) |
| 6:24 | Create | Villager (Male) |
| 6:24 | Create | Villager (Male) |
| 7:02 | Create | Villager (Male) |
| 7:02 | Create | Villager (Male) |
| 7:03 | Create | Villager (Male) |
| 7:03 | Create | Villager (Male) |
| 7:03 | Create | Villager (Male) |
| 7:03 | Create | Villager (Male) |
| 7:03 | Create | Villager (Male) |
| 7:03 | Create | Villager (Male) |
| 7:03 | Create | Villager (Male) |
| 7:20 | Build | Lumber Camp |
| 7:22 | Create | Villager (Male) |
| 7:22 | Create | Villager (Male) |
| 7:22 | Create | Villager (Male) |
| 9:06 | Build | Mining Camp |
| 9:10 | Research | Feudal Age |
| 9:37 | Build | Farm |
| 9:46 | Build | Farm |
| 10:02 | Create | Villager (Male) |
| 10:02 | Create | Villager (Male) |
| 11:47 | Age | Feudal Age |
| 11:51 | Build | Market |
| 11:54 | Build | Blacksmith |
| 11:57 | Build | House |
| 12:24 | Build | Farm |
| 12:48 | Research | Castle Age |
| 12:58 | Build | House |
| 13:05 | Research | Double-Bit Axe |
| 13:12 | Build | Farm |
| 13:16 | Build | Farm |
| 13:20 | Build | Farm |
| 13:30 | Research | Wheelbarrow |
| 14:17 | Build | Farm |
| 14:22 | Build | Farm |
| 15:05 | Create | Villager (Male) |
| 15:05 | Create | Villager (Male) |
| 15:05 | Create | Villager (Male) |
| 15:05 | Create | Villager (Male) |
| 15:28 | Age | Castle Age |
| 15:32 | Build | Town Center |
| 15:38 | Build | Town Center |
| 15:40 | Create | Villager (Male) |
| 15:40 | Create | Villager (Male) |
| 15:50 | Research | Bow Saw |
| 16:22 | Build | House |
| 16:25 | Build | House |
| 16:51 | Create | Villager (Male) |
| 16:58 | Create | Villager (Male) |
| 16:58 | Create | Villager (Male) |
| 16:58 | Create | Villager (Male) |
| 17:02 | Create | Villager (Male) |
| 17:02 | Create | Villager (Male) |
| 17:02 | Create | Villager (Male) |
| 17:02 | Create | Villager (Male) |
| 17:02 | Create | Villager (Male) |
| 17:02 | Create | Villager (Male) |
| 17:15 | Build | Farm |
| 17:17 | Build | Farm |
| 17:18 | Create | Villager (Male) |
| 17:18 | Create | Villager (Male) |
| 17:18 | Create | Villager (Male) |
| 17:18 | Create | Villager (Male) |
| 17:18 | Create | Villager (Male) |
| 17:22 | Build | Farm |
| 17:24 | Build | Farm |
| 17:25 | Build | Farm |
| 17:28 | Build | Farm |
| 17:32 | Build | Farm |
| 17:33 | Create | Villager (Male) |
| 17:33 | Create | Villager (Male) |
| 17:33 | Create | Villager (Male) |
| 17:36 | Build | Farm |
| 17:40 | Build | House |
| 17:52 | Create | Villager (Male) |
| 17:52 | Create | Villager (Male) |
| 17:52 | Create | Villager (Male) |
| 17:53 | Create | Villager (Male) |
| 18:00 | Build | Farm |
Build order — aj2352
First 150 of 259 actions detected
| 0:01 | Create | Villager (Male) |
| 0:02 | Build | House |
| 0:04 | Build | House |
| 0:06 | Create | Villager (Male) ×3 |
| 1:33 | Create | Villager (Male) |
| 2:02 | Create | Villager (Male) |
| 2:02 | Create | Villager (Male) |
| 2:09 | Build | Lumber Camp |
| 2:21 | Create | Villager (Male) |
| 2:37 | Create | Villager (Male) |
| 3:10 | Create | Villager (Male) |
| 3:25 | Create | Villager (Male) |
| 3:53 | Build | House |
| 3:58 | Create | Villager (Male) |
| 4:14 | Create | Villager (Male) |
| 4:17 | Create | Villager (Male) |
| 4:52 | Create | Villager (Male) |
| 5:22 | Create | Villager (Male) |
| 5:30 | Build | House |
| 5:57 | Build | Mill |
| 5:58 | Create | Villager (Male) |
| 6:06 | Create | Villager (Male) |
| 6:34 | Create | Villager (Male) |
| 6:35 | Create | Villager (Male) |
| 7:09 | Build | House |
| 7:35 | Build | Farm |
| 7:50 | Build | House |
| 7:58 | Build | Farm |
| 8:00 | Build | Farm |
| 8:01 | Create | Villager (Male) |
| 8:03 | Create | Villager (Male) |
| 8:26 | Build | Farm |
| 8:48 | Create | Villager (Male) |
| 9:03 | Create | Villager (Male) |
| 9:28 | Create | Villager (Male) |
| 9:36 | Build | Farm |
| 9:42 | Create | Villager (Male) |
| 10:06 | Create | Villager (Male) |
| 10:25 | Create | Villager (Male) |
| 10:52 | Create | Villager (Male) |
| 10:59 | Build | Mining Camp |
| 11:13 | Research | Loom |
| 11:13 | Research | Feudal Age |
| 11:18 | Research | Loom |
| 11:31 | Build | Farm |
| 11:44 | Build | Farm |
| 11:58 | Build | Farm |
| 12:17 | Build | Farm |
| 12:27 | Build | Farm |
| 12:35 | Build | Farm |
| 13:04 | Build | Farm |
| 13:25 | Create | Villager (Male) |
| 13:31 | Age | Feudal Age |
| 13:42 | Build | Market |
| 13:47 | Build | Blacksmith |
| 13:51 | Build | House |
| 14:34 | Create | Villager (Male) |
| 14:44 | Create | Villager (Male) |
| 14:57 | Research | Castle Age |
| 15:12 | Build | Barracks |
| 15:17 | Create | Villager (Male) |
| 15:58 | Create | Spearman |
| 16:08 | Build | House |
| 16:16 | Create | Villager (Male) |
| 16:22 | Create | Spearman |
| 16:22 | Create | Spearman |
| 16:47 | Create | Spearman |
| 17:00 | Create | Villager (Male) |
| 17:14 | Create | Spearman |
| 17:17 | Create | Villager (Male) |
| 17:30 | Create | Villager (Male) |
| 17:39 | Age | Castle Age |
| 17:45 | Build | Siege Workshop |
| 17:56 | Create | Villager (Male) |
| 17:59 | Research | Double-Bit Axe |
| 18:18 | Research | Horse Collar |
| 18:20 | Create | Villager (Male) |
| 18:26 | Build | House |
| 18:33 | Create | Villager (Male) |
| 18:49 | Build | Monastery |
| 18:56 | Create | Villager (Male) |
| 19:07 | Research | Bow Saw |
| 19:15 | Build | House |
| 19:21 | Research | Pikeman (upgrade) |
| 19:28 | Research | Town Watch |
| 19:32 | Create | Villager (Male) |
| 19:39 | Build | House |
| 19:44 | Create | Monk |
| 19:55 | Research | Imperial Age |
| 19:55 | Research | Imperial Age |
| 20:03 | Build | University |
| 20:07 | Build | House |
| 20:19 | Build | University |
| 20:28 | Create | Spearman |
| 20:28 | Create | Spearman |
| 20:28 | Create | Spearman |
| 20:35 | Create | Monk |
| 20:37 | Build | House |
| 20:44 | Build | House |
| 20:46 | Build | House |
| 20:49 | Build | House |
| 20:55 | Build | House |
| 20:58 | Build | House |
| 21:00 | Build | Stone Wall |
| 21:20 | Research | Redemption |
| 21:26 | Build | House |
| 21:30 | Create | Spearman |
| 21:30 | Create | Spearman |
| 21:43 | Create | Spearman |
| 21:50 | Create | Villager (Male) |
| 22:24 | Create | Spearman |
| 22:24 | Create | Spearman |
| 22:49 | Build | House |
| 23:05 | Age | Imperial Age |
| 23:13 | Build | House |
| 23:15 | Build | House |
| 23:24 | Create | Spearman |
| 23:25 | Create | Spearman |
| 23:25 | Create | Spearman |
| 23:29 | Build | House |
| 23:32 | Build | House |
| 23:33 | Build | House |
| 23:52 | Build | Farm |
| 23:56 | Build | Stone Wall |
| 24:46 | Create | Spearman |
| 24:46 | Create | Spearman |
| 24:46 | Create | Spearman |
| 25:11 | Build | Town Center |
| 25:16 | Build | House |
| 25:30 | Research | Chemistry |
| 25:42 | Create | Monk |
| 25:42 | Create | Monk |
| 25:44 | Create | Spearman |
| 25:44 | Create | Spearman |
| 26:02 | Build | Gate |
| 26:09 | Create | Battering Ram |
| 26:25 | Create | Villager (Male) |
| 26:40 | Create | Battering Ram |
| 27:18 | Build | Farm |
| 27:19 | Create | Villager (Male) |
| 27:22 | Create | Villager (Male) |
| 27:43 | Create | Bombard Cannon |
| 28:02 | Research | Forging |
| 28:05 | Create | Spearman |
| 28:06 | Create | Spearman |
| 28:14 | Build | Farm |
| 28:14 | Build | Farm |
| 28:16 | Build | Farm |
| 28:18 | Build | Farm |
| 28:25 | Create | Villager (Male) |
Build order — DLChuli7
First 150 of 819 actions detected
| 0:02 | Create | Villager (Male) |
| 0:03 | Create | Villager (Male) |
| 0:03 | Create | Villager (Male) |
| 0:05 | Build | House |
| 0:06 | Build | House |
| 0:49 | Build | House |
| 0:52 | Build | House |
| 1:08 | Create | Villager (Male) |
| 1:08 | Create | Villager (Male) |
| 1:09 | Create | Villager (Male) |
| 1:41 | Create | Villager (Male) |
| 1:41 | Create | Villager (Male) |
| 2:17 | Build | Lumber Camp |
| 2:20 | Create | Villager (Male) |
| 2:20 | Create | Villager (Male) |
| 2:32 | Create | Villager (Male) |
| 2:32 | Create | Villager (Male) |
| 2:57 | Create | Villager (Male) |
| 2:58 | Create | Villager (Male) |
| 3:34 | Create | Villager (Male) |
| 3:34 | Create | Villager (Male) |
| 3:52 | Create | Villager (Male) |
| 3:52 | Create | Villager (Male) |
| 3:53 | Create | Villager (Male) |
| 4:23 | Create | Villager (Male) |
| 4:23 | Create | Villager (Male) |
| 4:24 | Create | Villager (Male) |
| 4:24 | Create | Villager (Male) |
| 5:04 | Build | Mill |
| 5:09 | Create | Villager (Male) |
| 5:09 | Create | Villager (Male) |
| 5:10 | Create | Villager (Male) |
| 5:10 | Create | Villager (Male) |
| 5:28 | Build | House |
| 5:58 | Create | Villager (Male) |
| 5:58 | Create | Villager (Male) |
| 6:22 | Create | Villager (Male) |
| 6:22 | Create | Villager (Male) |
| 6:23 | Create | Villager (Male) |
| 6:26 | Build | Farm |
| 6:47 | Create | Villager (Male) |
| 6:47 | Create | Villager (Male) |
| 6:57 | Build | Farm |
| 7:19 | Create | Villager (Male) |
| 7:47 | Build | Mining Camp |
| 8:24 | Research | Feudal Age |
| 8:56 | Build | Farm |
| 9:58 | Build | Farm |
| 10:34 | Build | Farm |
| 11:10 | Age | Feudal Age |
| 11:16 | Create | Villager (Male) |
| 11:16 | Create | Villager (Male) |
| 11:25 | Build | Market |
| 11:31 | Build | Blacksmith |
| 11:44 | Research | Double-Bit Axe |
| 11:47 | Create | Villager (Male) |
| 12:20 | Research | Castle Age |
| 12:20 | Research | Castle Age |
| 12:25 | Build | House |
| 12:27 | Build | House |
| 12:44 | Build | Lumber Camp |
| 13:02 | Build | Lumber Camp |
| 13:44 | Research | Gold Mining |
| 14:00 | Build | Farm |
| 15:07 | Create | Villager (Male) |
| 15:08 | Create | Villager (Male) |
| 15:08 | Create | Villager (Male) |
| 15:11 | Age | Castle Age |
| 15:17 | Build | Town Center |
| 15:34 | Build | Town Center |
| 15:36 | Create | Villager (Male) |
| 15:43 | Create | Villager (Male) |
| 16:13 | Build | Town Center |
| 16:20 | Create | Villager (Male) |
| 16:21 | Create | Villager (Male) |
| 16:45 | Create | Villager (Male) |
| 16:45 | Create | Villager (Male) |
| 17:00 | Build | Farm |
| 17:03 | Create | Villager (Male) |
| 17:03 | Create | Villager (Male) |
| 17:15 | Create | Villager (Male) |
| 17:16 | Create | Villager (Male) |
| 17:16 | Create | Villager (Male) |
| 17:21 | Build | Farm |
| 17:22 | Build | Farm |
| 17:23 | Build | Farm |
| 17:23 | Build | Farm |
| 17:24 | Build | Farm |
| 17:33 | Research | Bow Saw |
| 17:35 | Create | Villager (Male) |
| 17:35 | Create | Villager (Male) |
| 17:39 | Build | Farm |
| 17:44 | Build | Farm |
| 17:58 | Create | Villager (Male) |
| 17:58 | Create | Villager (Male) |
| 18:02 | Build | Farm |
| 18:13 | Build | Farm |
| 18:18 | Build | Farm |
| 18:20 | Create | Villager (Male) |
| 18:20 | Create | Villager (Male) |
| 18:26 | Research | Loom |
| 18:28 | Build | Farm |
| 18:34 | Build | Farm |
| 18:35 | Create | Villager (Male) |
| 18:36 | Create | Villager (Male) |
| 18:47 | Build | House |
| 18:48 | Build | House |
| 18:50 | Build | House |
| 18:51 | Build | House |
| 18:54 | Build | House |
| 18:55 | Build | House |
| 18:58 | Build | House |
| 19:00 | Create | Villager (Male) |
| 19:00 | Create | Villager (Male) |
| 19:07 | Build | Farm |
| 19:13 | Build | Farm |
| 19:15 | Build | Farm |
| 19:16 | Create | Villager (Male) |
| 19:16 | Create | Villager (Male) |
| 19:17 | Create | Villager (Male) |
| 19:28 | Build | Lumber Camp |
| 19:40 | Build | Farm |
| 19:43 | Create | Villager (Male) |
| 19:43 | Create | Villager (Male) |
| 19:43 | Create | Villager (Male) |
| 19:49 | Create | Villager (Male) |
| 19:49 | Create | Villager (Male) |
| 19:49 | Create | Villager (Male) |
| 19:54 | Build | House |
| 19:59 | Create | Villager (Male) |
| 19:59 | Create | Villager (Male) |
| 20:04 | Build | Farm |
| 20:04 | Build | Farm |
| 20:12 | Build | Farm |
| 20:13 | Create | Villager (Male) |
| 20:13 | Create | Villager (Male) |
| 20:14 | Create | Villager (Male) |
| 20:18 | Build | Farm |
| 20:25 | Create | Villager (Male) |
| 20:28 | Create | Villager (Male) |
| 20:28 | Create | Villager (Male) |
| 20:28 | Create | Villager (Male) |
| 20:35 | Build | Farm |
| 20:38 | Build | Farm |
| 20:39 | Create | Villager (Male) |
| 20:40 | Create | Villager (Male) |
| 20:40 | Create | Villager (Male) |
| 20:41 | Create | Villager (Male) |
| 20:45 | Build | Farm |
| 20:48 | Create | Villager (Male) |
Build order — lethe711
First 150 of 556 actions detected
| 0:02 | Create | Villager (Male) |
| 0:03 | Create | Villager (Male) |
| 0:05 | Build | House |
| 0:06 | Build | House |
| 0:08 | Create | Villager (Male) |
| 0:09 | Create | Villager (Male) |
| 0:09 | Create | Villager (Male) |
| 1:25 | Create | Villager (Male) |
| 1:55 | Build | Lumber Camp |
| 2:03 | Create | Villager (Male) |
| 2:03 | Create | Villager (Male) |
| 2:25 | Create | Villager (Male) |
| 2:53 | Create | Villager (Male) |
| 2:53 | Create | Villager (Male) |
| 3:07 | Create | Villager (Male) |
| 3:37 | Create | Villager (Male) |
| 3:37 | Create | Villager (Male) |
| 3:48 | Create | Villager (Male) |
| 4:00 | Build | House |
| 4:14 | Create | Villager (Male) |
| 4:14 | Create | Villager (Male) |
| 4:28 | Create | Villager (Male) |
| 4:28 | Create | Villager (Male) |
| 5:20 | Create | Villager (Male) |
| 5:22 | Create | Villager (Male) |
| 5:22 | Create | Villager (Male) |
| 5:23 | Create | Villager (Male) |
| 5:32 | Build | Mill |
| 6:27 | Create | Villager (Male) |
| 6:43 | Create | Villager (Male) |
| 6:46 | Build | House |
| 6:58 | Create | Villager (Male) |
| 6:58 | Create | Villager (Male) |
| 6:59 | Create | Villager (Male) |
| 6:59 | Create | Villager (Male) |
| 6:59 | Create | Villager (Male) |
| 7:26 | Create | Villager (Male) |
| 7:36 | Build | House |
| 7:37 | Create | Villager (Male) |
| 8:13 | Build | House |
| 8:17 | Create | Villager (Male) |
| 8:18 | Create | Villager (Male) |
| 8:18 | Create | Villager (Male) |
| 9:37 | Research | Feudal Age |
| 9:37 | Research | Feudal Age |
| 10:02 | Build | Mining Camp |
| 10:57 | Create | Villager (Male) |
| 11:45 | Create | Villager (Male) |
| 12:08 | Age | Feudal Age |
| 12:11 | Build | Blacksmith |
| 12:13 | Build | Market |
| 12:48 | Research | Castle Age |
| 12:48 | Research | Castle Age |
| 12:50 | Research | Double-Bit Axe |
| 12:50 | Research | Double-Bit Axe |
| 13:22 | Create | Villager (Male) |
| 13:51 | Research | Horse Collar |
| 13:51 | Research | Horse Collar |
| 14:22 | Build | Farm |
| 14:25 | Build | Farm |
| 14:28 | Build | Farm |
| 14:31 | Build | Farm |
| 14:36 | Build | House |
| 14:45 | Create | Villager (Male) |
| 14:46 | Create | Villager (Male) |
| 14:53 | Build | Farm |
| 15:15 | Build | Farm |
| 15:22 | Create | Villager (Male) |
| 15:38 | Age | Castle Age |
| 15:41 | Create | Villager (Male) |
| 15:41 | Create | Villager (Male) |
| 15:52 | Build | Town Center |
| 15:58 | Research | Bow Saw |
| 15:59 | Research | Bow Saw |
| 16:12 | Research | Heavy Plow |
| 16:12 | Research | Heavy Plow |
| 16:38 | Build | Farm |
| 16:43 | Create | Villager (Male) |
| 16:51 | Research | Loom |
| 16:51 | Create | Villager (Male) |
| 16:53 | Create | Villager (Male) |
| 16:58 | Build | Farm |
| 17:03 | Build | Farm |
| 17:11 | Build | Town Center |
| 17:16 | Create | Villager (Male) |
| 17:21 | Build | Farm |
| 17:25 | Build | Farm |
| 17:28 | Build | Farm |
| 17:29 | Build | Farm |
| 17:33 | Create | Villager (Male) |
| 17:34 | Create | Villager (Male) |
| 17:46 | Create | Villager (Male) |
| 17:58 | Create | Villager (Male) |
| 18:01 | Build | Farm |
| 18:09 | Build | Farm |
| 18:09 | Build | Farm |
| 18:11 | Create | Villager (Male) |
| 18:11 | Create | Villager (Male) |
| 18:35 | Create | Villager (Male) |
| 18:38 | Build | Farm |
| 18:45 | Build | Barracks |
| 18:48 | Create | Villager (Male) |
| 18:52 | Create | Villager (Male) |
| 18:54 | Create | Villager (Male) |
| 18:58 | Build | Farm |
| 18:59 | Create | Villager (Male) |
| 18:59 | Create | Villager (Male) |
| 19:10 | Build | Farm |
| 19:11 | Create | Villager (Male) |
| 19:17 | Create | Villager (Male) |
| 19:18 | Create | Villager (Male) |
| 19:19 | Create | Villager (Male) |
| 19:24 | Build | Farm |
| 19:29 | Create | Villager (Male) |
| 19:49 | Build | Stable |
| 19:54 | Build | House |
| 19:55 | Create | Villager (Male) |
| 20:00 | Build | Farm |
| 20:03 | Create | Villager (Male) |
| 20:04 | Create | Villager (Male) |
| 20:05 | Create | Villager (Male) |
| 20:05 | Create | Villager (Male) |
| 20:18 | Research | Pikeman (upgrade) |
| 20:18 | Research | Pikeman (upgrade) |
| 20:24 | Build | Farm |
| 20:28 | Create | Spearman |
| 20:29 | Create | Spearman |
| 20:43 | Build | Stable |
| 20:45 | Create | Villager (Male) |
| 20:47 | Build | Monastery |
| 20:49 | Build | House |
| 20:52 | Create | Villager (Male) |
| 20:52 | Create | Villager (Male) |
| 20:52 | Create | Villager (Male) |
| 21:02 | Build | Farm |
| 21:03 | Build | Farm |
| 21:04 | Create | Villager (Male) |
| 21:04 | Create | Villager (Male) |
| 21:13 | Build | House |
| 21:17 | Build | House |
| 21:23 | Create | Monk |
| 21:23 | Create | Monk |
| 21:24 | Create | Spearman |
| 21:25 | Create | Spearman |
| 21:35 | Build | House |
| 21:39 | Build | House |
| 21:40 | Build | House |
| 22:04 | Create | Villager (Male) |
| 22:09 | Build | House |
| 22:15 | Research | Bloodlines |
Build order — ArianaVro
First 150 of 328 actions detected
| 0:03 | Create | Villager (Male) |
| 0:03 | Create | Villager (Male) |
| 0:03 | Create | Villager (Male) |
| 0:03 | Create | Villager (Male) |
| 0:03 | Create | Villager (Male) |
| 0:04 | Create | Villager (Male) |
| 0:05 | Build | House |
| 0:06 | Build | House |
| 1:27 | Create | Villager (Male) |
| 1:27 | Create | Villager (Male) |
| 1:45 | Build | Lumber Camp |
| 1:58 | Create | Villager (Male) |
| 1:59 | Create | Villager (Male) |
| 2:47 | Create | Villager (Male) |
| 2:47 | Create | Villager (Male) |
| 3:06 | Create | Villager (Male) |
| 3:06 | Create | Villager (Male) |
| 3:28 | Build | House |
| 3:29 | Build | House |
| 3:30 | Build | House |
| 3:34 | Create | Villager (Male) |
| 3:34 | Create | Villager (Male) |
| 3:53 | Build | Mill |
| 4:06 | Create | Villager (Male) |
| 4:06 | Create | Villager (Male) |
| 4:27 | Create | Villager (Male) |
| 4:27 | Create | Villager (Male) |
| 5:01 | Create | Villager (Male) |
| 5:01 | Create | Villager (Male) |
| 5:01 | Create | Villager (Male) |
| 5:58 | Create | Villager (Male) |
| 6:05 | Build | Mining Camp |
| 6:09 | Create | Villager (Male) |
| 6:39 | Create | Villager (Male) |
| 7:01 | Create | Villager (Male) |
| 7:28 | Create | Villager (Male) |
| 7:48 | Create | Villager (Male) |
| 7:55 | Build | Farm |
| 7:58 | Build | Farm |
| 8:00 | Build | Farm |
| 8:02 | Build | Farm |
| 8:18 | Research | Feudal Age |
| 10:06 | Create | Villager (Male) |
| 10:06 | Create | Villager (Male) |
| 10:27 | Age | Feudal Age |
| 10:28 | Build | Market |
| 10:30 | Build | Blacksmith |
| 11:15 | Research | Castle Age |
| 11:15 | Research | Castle Age |
| 11:31 | Build | Barracks |
| 11:57 | Research | Double-Bit Axe |
| 12:14 | Build | House |
| 12:21 | Research | Horse Collar |
| 12:21 | Research | Horse Collar |
| 12:21 | Research | Horse Collar |
| 13:22 | Build | Stable |
| 13:27 | Research | Forging |
| 13:31 | Research | Town Watch |
| 13:33 | Create | Villager (Male) |
| 13:33 | Create | Villager (Male) |
| 13:40 | Age | Castle Age |
| 14:16 | Build | Stable |
| 14:21 | Research | Husbandry |
| 14:32 | Research | Loom |
| 14:49 | Build | Farm |
| 14:51 | Create | Villager (Male) |
| 14:51 | Create | Villager (Male) |
| 15:03 | Build | Farm |
| 15:08 | Build | Farm |
| 15:09 | Build | Farm |
| 15:13 | Create | Knight |
| 15:13 | Create | Knight |
| 15:23 | Create | Villager (Male) |
| 15:56 | Create | Villager (Male) |
| 15:56 | Create | Villager (Male) |
| 16:05 | Build | Farm |
| 16:05 | Build | Farm |
| 16:05 | Build | Farm |
| 16:05 | Build | Farm |
| 16:06 | Build | Farm |
| 16:14 | Create | Villager (Male) |
| 16:15 | Create | Villager (Male) |
| 16:48 | Build | Siege Workshop |
| 17:03 | Create | Villager (Male) |
| 17:03 | Create | Villager (Male) |
| 17:07 | Create | Villager (Male) |
| 17:08 | Build | House |
| 17:11 | Build | Farm |
| 17:29 | Create | Knight |
| 17:30 | Create | Knight |
| 17:54 | Build | House |
| 18:03 | Create | Battering Ram |
| 18:04 | Create | Scorpion |
| 18:07 | Create | Knight |
| 18:07 | Create | Knight |
| 18:07 | Create | Knight |
| 18:12 | Build | House |
| 18:15 | Build | House |
| 18:24 | Create | Knight |
| 18:25 | Create | Knight |
| 18:33 | Build | House |
| 18:39 | Build | Farm |
| 18:40 | Create | Villager (Male) |
| 18:48 | Build | Farm |
| 18:49 | Create | Villager (Male) |
| 18:50 | Create | Villager (Male) |
| 19:09 | Build | Farm |
| 19:09 | Build | Farm |
| 19:11 | Build | Farm |
| 19:12 | Create | Villager (Male) |
| 19:12 | Create | Villager (Male) |
| 19:36 | Create | Scorpion |
| 19:36 | Create | Scorpion |
| 19:42 | Create | Knight |
| 19:42 | Create | Knight |
| 20:34 | Create | Villager (Male) |
| 20:35 | Create | Villager (Male) |
| 20:35 | Create | Villager (Male) |
| 20:36 | Create | Villager (Male) |
| 20:37 | Build | Lumber Camp |
| 20:39 | Create | Villager (Male) |
| 20:58 | Build | Farm |
| 20:58 | Build | Farm |
| 20:59 | Build | Farm |
| 20:59 | Build | Farm |
| 20:59 | Build | Farm |
| 20:59 | Build | Farm |
| 21:28 | Create | Knight |
| 21:28 | Create | Knight |
| 21:28 | Create | Knight |
| 21:29 | Create | Knight |
| 21:38 | Create | Battering Ram |
| 22:05 | Create | Knight |
| 22:06 | Create | Knight |
| 22:48 | Create | Knight |
| 22:48 | Create | Knight |
| 23:07 | Create | Villager (Male) |
| 23:07 | Create | Villager (Male) |
| 23:10 | Build | Town Center |
| 23:44 | Create | Knight |
| 23:44 | Create | Knight |
| 23:44 | Create | Knight |
| 23:54 | Create | Villager (Male) |
| 23:54 | Create | Villager (Male) |
| 23:58 | Build | Town Center |
| 24:02 | Create | Villager (Male) |
| 24:04 | Create | Villager (Male) |
| 24:08 | Build | Farm |
| 24:08 | Build | Farm |
| 24:09 | Build | Farm |
Match timeline
| 10:27 | ArianaVro · age_up feudal |
| 10:34 | math-hbcn · age_up feudal |
| 11:10 | DLChuli7 · age_up feudal |
| 11:31 | ArianaVro · first_building Barracks |
| 11:47 | NTM.Spectrum.co · age_up feudal |
| 12:08 | lethe711 · age_up feudal |
| 12:16 | math-hbcn · first_building Barracks |
| 13:14 | math-hbcn · first_building Stable |
| 13:22 | ArianaVro · first_building Stable |
| 13:31 | aj2352 · age_up feudal |
| 13:40 | ArianaVro · age_up castle |
| 13:57 | proconquer · first_market_buy 100 food |
| 14:06 | math-hbcn · age_up castle |
| 14:13 | math-hbcn · first_building Monastery |
| 15:11 | DLChuli7 · age_up castle |
| 15:12 | aj2352 · first_building Barracks |
| 15:28 | NTM.Spectrum.co · age_up castle |
| 15:31 | DLChuli7 · first_market_buy 100 stone |
| 15:38 | lethe711 · age_up castle |
| 16:11 | lethe711 · first_market_buy 100 food |
| 16:48 | ArianaVro · first_building Siege Workshop |
| 17:39 | aj2352 · age_up castle |
| 17:45 | aj2352 · first_building Siege Workshop |
| 18:05 | proconquer · first_building Castle |
| 18:12 | ACI Granmini · first_building Siege Workshop |
| 18:16 | aj2352 · first_market_buy 100 wood |
| 18:33 | ACI Granmini · first_building Castle |
| 18:38 | aj2352 · first_market_sell 100 stone |
| 18:45 | lethe711 · first_building Barracks |
| 18:49 | aj2352 · first_building Monastery |
| 18:56 | proconquer · first_building Siege Workshop |
| 19:49 | lethe711 · first_building Stable |
| 19:56 | proconquer · first_market_sell 100 stone |
| 20:23 | math-hbcn · first_market_buy 100 wood |
| 20:47 | lethe711 · first_building Monastery |
| 20:54 | ArianaVro · first_market_sell 100 wood |
| 21:00 | aj2352 · wall_segment Stone Wall x1 |
| 21:12 | proconquer · first_building Monastery |
| 22:36 | DLChuli7 · wall_segment Palisade Wall x1 |
| 23:04 | DLChuli7 · first_building Castle |
| 23:05 | aj2352 · age_up imperial |
| 23:40 | NTM.Spectrum.co · first_building Monastery |
| 23:56 | aj2352 · wall_segment Stone Wall x1 |
| 25:24 | NTM.Spectrum.co · first_market_buy 100 food |
| 25:45 | proconquer · wall_segment Stone Wall x6 |
| 25:46 | NTM.Spectrum.co · first_building Barracks |
| 26:42 | proconquer · wall_segment Stone Wall x1 |
| 27:16 | NTM.Spectrum.co · first_building Siege Workshop |
| 27:33 | NTM.Spectrum.co · first_building Castle |
| 27:36 | math-hbcn · first_building Castle |
| 27:45 | NTM.Spectrum.co · first_building Stable |
| 29:04 | NTM.Spectrum.co · age_up imperial |
| 29:20 | ACI Granmini · wall_segment Stone Wall x1 |
| 29:22 | DLChuli7 · first_building Siege Workshop |
| 29:30 | DLChuli7 · first_building Barracks |
| 29:34 | DLChuli7 · age_up imperial |
| 30:09 | ArianaVro · first_building Archery Range |
| 30:22 | NTM.Spectrum.co · first_market_sell 100 food |
| 30:54 | lethe711 · age_up imperial |
| 32:33 | ACI Granmini · first_building Barracks |
| 32:37 | lethe711 · first_building Castle |
| 32:43 | DLChuli7 · first_market_sell 100 stone |
| 32:44 | ArianaVro · first_building Castle |
| 32:52 | math-hbcn · age_up imperial |
| 33:18 | ArianaVro · first_building Monastery |
| 35:07 | math-hbcn · first_building Siege Workshop |
| 35:53 | lethe711 · first_building Siege Workshop |
| 36:44 | ArianaVro · age_up imperial |
| 37:44 | aj2352 · first_building Castle |
| 39:14 | math-hbcn · tribute_sent a jugador 1 |
| 39:14 | math-hbcn · tribute_sent a jugador 2 |
| 39:14 | math-hbcn · tribute_sent a jugador 4 |
| 39:14 | math-hbcn · tribute_sent a jugador 5 |
| 39:14 | math-hbcn · tribute_sent a jugador 6 |
| 39:14 | math-hbcn · tribute_sent a jugador 7 |
| 39:14 | math-hbcn · tribute_sent a jugador 8 |
| 40:56 | NTM.Spectrum.co · resign |
| 42:09 | proconquer · wall_segment Stone Wall x2 |
| 44:53 | DLChuli7 · wall_segment Stone Wall x27 |
| 45:20 | lethe711 · first_building Archery Range |
| 47:10 | proconquer · wall_segment Stone Wall x1 |
| 47:18 | proconquer · wall_segment Stone Wall x5 |
[ AI ANALYSIS · 1 CREDIT ]
What really happened in this match?
Wolo.gg analyzes every decision: build order, eco, micro, common mistakes by bracket. Personalized analysis on WhatsApp or Discord in 30 seconds.
Civ guide
Aztecs
Perfil
Jugador #8556596